 Dungeon Crawl Stone Soup version 0.31-a0-188-g5e087ee2ca (webtiles) character file.

Game seed: 13399500142966620219

114 kae the Changer (level 4, -9/28 HPs)
             Began as an Octopode Transmuter on June 23, 2023.
             Mangled by a gnoll
             ... wielding a +0 flail
              (12 damage)
             ... on level 4 of the Dungeon.
             The game lasted 00:02:48 (2552 turns).

kae the Changer (Octopode Transmuter)               Turns: 2552, Time: 00:02:48

Health: -9/28      AC:  1    Str:  9    XL:     4   Next: 97%
Magic:  14/17      EV:  7    Int: 17    God:
Gold:   79         SH:  0    Dex: 12    Spells: 2/8 levels left

rFire   . .          .
                       - Unarmed
rCold   . . .        (no shield)
rNeg    . . .        (helmet restricted)
rPois   .            (no amulet)
rElec   .            W - ring of magical power
rCorr   .            (no ring)
SInv    .            (no ring)
Will    .....        (no ring)
Stlth   ++           (no ring)
HPRegen 0.24/turn    (no ring)
MPRegen 0.15/turn    (no ring)
                     (no ring)

%: no passive effects
@: wereblooded, held
A: almost no armour, amphibious, 8 rings, camouflage 1, gelatinous body 1,
(nimble swimmer 1), tentacles
a: no special abilities


You were on level 4 of the Dungeon.
You visited 1 branch of the dungeon, and saw 4 of its levels.

You collected 130 gold pieces.
You spent 51 gold pieces at shops.


Innate Abilities, Weirdness & Mutations

You cannot wear most types of armour.
You are amphibious.
You can wear up to eight rings at the same time.
Your skin changes colour to match your surroundings (Stealth+).
Your rubbery body absorbs attacks. (AC +1, EV +1)
((You are camouflaged when in or above water. (Stealth+)))
You have tentacles for arms and can constrict up to eight enemies at once.


   Skills:
 - Level 1.0 Fighting
 - Level 2.0 Dodging
 - Level 3.0 Unarmed Combat
 + Level 2.9 Spellcasting
 * Level 3.9 Transmutations
 - Level 2.0 Poison Magic


You had 2 spell levels left.
You knew the following spells:

 Your Spells              Type           Power      Damage    Failure   Level
a - Beastly Appendage     Tmut           30%        N/A       3%          1
b - Wereblood             Tmut           15%        N/A       5%          2
c - Spider Form           Tmut/Pois      12%        N/A       16%         3

Your spell library contained the following spells:

 Spells                   Type           Power      Damage    Failure   Level
 Passwall                 Tmut/Erth      7%         N/A       12%         2
 Sandblast                Erth           4%         2d4       19%         1
 Shock                    Conj/Air       8%         1d3       19%         1
 Stone Arrow              Conj/Erth      4%         3d7       47%         3
 Swiftness                Air            2%         N/A       47%         3
 Ice Form                 Ice/Tmut       9%         N/A       61%         4
 Airstrike                Air            1%         2d(1-17)  87%         4

Inventory:

Missiles
 h - 11 stones
 j - 6 boomerangs
Magical Staves
 i - a staff of air {!a}
   (You found it on level 1 of the Dungeon)
 m - a staff of air {!a}
   (You found it on level 2 of the Dungeon)
Jewellery
 W - a ring of magical power (left tentacle)
   (You found it on level 3 of the Dungeon)
Wands
 o - a wand of flame (48)
   (You found it on level 3 of the Dungeon)
Scrolls
 b - 4 scrolls of fear
 c - 2 scrolls of teleportation {@r4}
 l - 2 scrolls of noise {!r}
 p - a scroll of revelation
Potions
 a - a potion of lignification {!q}
 e - 2 potions of ambrosia
 f - 2 potions of heal wounds {unknown}
 g - a potion of curing {@q1}
 k - a potion of mutation {unknown}
 n - a potion of attraction {!q}
 q - a potion of cancellation {unknown}
 r - 2 potions of brilliance

Dungeon Overview and Level Annotations

Branches:
Dungeon (4/15) Zot: 21452
 Temple: D:4-7

Altars:
Kikubaaqudgha
Okawaru
Vehumet

Shops:
D:2

*=( . #### ..#...#
..... ....8.. .....
..... ......
.####..### ...⌠..
........<###8.....
.#..#.#..#.>......
#.#.#..@g...8...
#.......g..#...
#.........g....#
#...#.......#......
... #......###....#
# .........# ....#
..........# ....
##..###...## ..#
### ###.# ###


You could see 2 gnolls and a hobgoblin.


Message History

😱 HP[-5]
You take 5 damage, and now have 6/28 hp.
Unknown command.
The gnoll attacks as you move away! The gnoll barely misses you.
There is a stone staircase leading up here.
The gnoll closely misses you.
You climb upwards.
There is a stone staircase leading down here. 😱 HP[+1] MP[+1] Unknown command.
You hit the gnoll but do no damage.
The gnoll is poisoned.
Your transformation is almost over.
The gnoll barely misses you.
You hit the gnoll.
The gnoll looks as sick as possible!
You hiss as the wereblood boils in your veins!
The gnoll barely misses you.
You barely miss the gnoll.
You hiss as the wereblood boils in your veins!
The gnoll completely misses you. 😨 HP[+1]
You hit the gnoll.
The gnoll looks as sick as possible!
The gnoll closely misses you.
Unknown command.
You hit the gnoll.
The gnoll looks as sick as possible!
You feel a bit better.
You kill the gnoll! 😨 HP[+3]
You regained 3 hp, and now have 11/28 hp.
You start resting.
Your primal bloodlust is almost over. 😨 MP[+1] Unknown command.
You hiss as the wereblood boils in your veins!
Your transformation has ended. 😨 HP[+1]
Your primal bloodlust has ended.
Key pressed, stopping explore.
Unknown command. 😮 HP[+4] MP[+2]
You regained 4 hp, and now have 16/28 hp.
Your mp is fully restored (17).
Done exploring. 😕 HP[+7]
You regained 7 hp, and now have 23/28 hp.
Okay, then.
You start resting. 😎 HP[+5]
Your hp is fully restored (28).
Casting: Wereblood (safe; 5% risk of failure)
Confirm with . or Enter, or press ? or * to list all spells.
The spell is quite dangerous to miscast (16% risk of failure)!
Continue anyway? [Y]es or [N]o only, please.
The spell is quite dangerous to miscast (16% risk of failure)!
Continue anyway?
You turn into a venomous arachnid creature. 😎 MP[-3]
You lost 3 mp, and now have 14/17 mp.
Casting: Spider Form (extremely dangerous; 34% risk of failure)
Confirm with . or Enter, or press ? or * to list all spells.
Your blood is infused with primal strength. 😎 MP[-2]
You lost 2 mp, and now have 12/17 mp.
Your transformation is almost over.
You climb downwards.
There is a stone staircase leading up here.
A hobgoblin comes into view.
Things that are here:
a scroll of teleportation {@r4}; a +0 spear 😎 MP[+1]
You barely miss the hobgoblin.
The gnoll throws a throwing net.
The throwing net hits you.
You become entangled in the net!
The hobgoblin hits you.
You struggle against the net.
The hobgoblin hits you. 😕 HP[-3]
You take 3 damage, and now have 25/28 hp.
You struggle against the net.
The hobgoblin hits you.
You struggle against the net.
The hobgoblin hits you but does no damage.
The gnoll barely misses you. 😕 HP[-3]
You take 3 damage, and now have 22/28 hp.
You struggle against the net.
The hobgoblin hits you but does no damage.
The gnoll closely misses you.
The gnoll hits you from afar with a +0 spear!
You are too injured to fight recklessly! 😮 HP[-6]
You take 6 damage, and now have 16/28 hp.
MASSIVE DAMAGE!! (PAUSE)
You struggle against the net.
Your transformation has ended.
The hobgoblin barely misses you. The gnoll hits you with a +0 flail!
* * * LOW HITPOINT WARNING * * *
The gnoll hits you from afar with a +0 spear.
* * * LOW HITPOINT WARNING * * *
😱 HP[-13] MP[+1]
You take 13 damage, and now have 3/28 hp.
MASSIVE DAMAGE!! (PAUSE)
You struggle against the net.
The hobgoblin closely misses you. The gnoll hits you with a +0 flail!
You die...

Skill      XL: |  1  2  3  4 |
---------------+-------------+-----
Transmutations | 3 |  3.9
Poison Magic   | 1 2 |  2.0
Fighting       | |  1.0
Dodging        | |  2.0
Unarmed Combat | |  3.0
Spellcasting   | |  2.9

Action                     |  1- 3 |  4- 6 || total
---------------------------+-------+-------++-------
  Melee: Unarmed           |    55 |    46 ||   101
         Constrict         |    14 |     8 ||    22
         Tentacles         |     9 |     6 ||    15
         Punch             |     6 |     3 ||     9
         Kick              |    13 |     7 ||    20
   Cast: Beastly Appendage |    15 |     9 ||    24
         Wereblood         |     1 |     3 ||     4
         Spider Form       |       |     2 ||     2
    Use: Scroll            |       |    10 ||    10
   Stab: Sleeping          |     5 |     3 ||     8
 Armour: Skin              |     7 |    10 ||    17
  Dodge: Dodged            |    27 |    35 ||    62

Levels and vault maps discovered:
D:1:      eino_arrival_tree_alley, layout_loops_ring, grunt_decor_junction,
          minmay_misc_feat_ornament, hangedman_decor_slide_cut
D:2:      layout_basic, serial_shops, shop, nicolae_shop_tiny_glass,
          nicolae_shop_hallway_stairs, basic_altar
D:3:      layout_rooms, vehumet_altar_wand_db, old_standard_altar,
          dreamdust_ecumenical_altar_sealed_demon, kennysheep_generic_room_15
D:4:      layout_cave_pools, serial_column_ruins, column_ruins_square_medium,
          column_ruins_corridor_T, column_ruins_columns_straight,
          column_ruins_open_medium, column_ruins_grid_1, column_ruins_grid_3,
          column_ruins_columns_dead_end, kennysheep_small_square

Notes
Turn   | Place    | Note
-------+----------+-------------------------------------------
     0 | D:1      | kae the Octopode Transmuter began the quest for the Orb.
     0 | D:1      | Reached XP level 1. HP: 13/13 MP: 3/3
     0 | D:1      | magus.rc [v1.11.3]
    94 | D:1      | You pick up a book of Geomancy and begin reading...
    94 | D:1      | You add the spells Sandblast, Passwall and Stone Arrow to
                  | your library.
   265 | D:1      | Reached XP level 2. HP: 16/18 MP: 5/5
   389 | D:1      | You pick up a book of Air and begin reading...
   389 | D:1      | You add the spells Shock, Swiftness and Airstrike to your
                  | library.
   759 | D:2      | Reached skill level 3 in Transmutations
   759 | D:2      | Reached XP level 3. HP: 23/23 MP: 6/6
   762 | D:2      | Learned a level 2 spell: Wereblood
   766 | D:2      | Learned a level 3 spell: Spider Form
   856 | D:2      | Found Adeuhuz's Assorted Antiques.
   893 | D:2      | Reached skill level 1 in Poison Magic
   911 | D:2      | Bought 3 scrolls labelled FIHINN CIFOAKK for 51 gold pieces
   985 | D:2      | Reached XP level 4. HP: 20/28 MP: 4/8
  1027 | D:2      | Found an ancient bone altar of Kikubaaqudgha.
  1074 | D:2      | Found Oschezaru's Weapon Shop.
  1221 | D:2      | Found Xiuv's Jewellery Shop.
  1826 | D:3      | Found an iron altar of Okawaru.
  2027 | D:3      | Found a radiant altar of Vehumet.
  2146 | D:3      | Reached skill level 2 in Poison Magic
  2363 | D:3      | Found a faded altar of an unknown god.
  2363 | D:3      | Noticed a Tzitzimitl
  2461 | D:4      | HP: 6/28 [gnoll/+0 spear (6)]
  2551 | D:4      | HP: 7/28 [gnoll/+0 flail (9)]
  2551 | D:4      | HP: 3/28 [gnoll/+0 spear (4)]
  2552 | D:4      | Mangled by a gnoll

Vanquished Creatures
  5 adders
  2 gnolls
  A worm (D:2)
  A dart slug (D:3)
  5 ball pythons
  5 endoplasms
  2 giant cockroaches
  4 hobgoblins
  3 jackals (D:2)
  7 bats
  A frilled lizard (D:2)
  A goblin (D:1)
  5 kobolds
  2 rats
44 creatures vanquished.

Table legend:
 A = Non-vault XP
 B = Vault XP
 C = Vault XP percentage of total XP
 D = Non-vault monster count
 E = Vault monster count
 F = Vault count percentage of total count
                 A         B        C        D         E       F
            +---------+---------+-------+---------+---------+-------
      Total |     160 |       3 |   1.8 |      42 |       2 |   4.5
            +---------+---------+-------+---------+---------+-------
        D:1 |      23 |       0 |   0.0 |      14 |       0 |   0.0
        D:2 |      80 |       0 |   0.0 |      17 |       0 |   0.0
        D:3 |      43 |       3 |   6.5 |      10 |       2 |  16.7
        D:4 |      14 |       0 |   0.0 |       1 |       0 |   0.0
            +---------+---------+-------+---------+---------+-------

Skill      XL: |  1  2  3  4 |
---------------+-------------+-----
Transmutations | 3 |  3.9
Poison Magic   | 1 2 |  2.0
Fighting       | |  1.0
Dodging        | |  2.0
Unarmed Combat | |  3.0
Spellcasting   | |  2.9

Action                     |  1- 3 |  4- 6 || total
---------------------------+-------+-------++-------
  Melee: Unarmed           |    55 |    46 ||   101
         Constrict         |    14 |     8 ||    22
         Tentacles         |     9 |     6 ||    15
         Punch             |     6 |     3 ||     9
         Kick              |    13 |     7 ||    20
   Cast: Beastly Appendage |    15 |     9 ||    24
         Wereblood         |     1 |     3 ||     4
         Spider Form       |       |     2 ||     2
    Use: Scroll            |       |    10 ||    10
   Stab: Sleeping          |     5 |     3 ||     8
 Armour: Skin              |     7 |    10 ||    17
  Dodge: Dodged            |    27 |    35 ||    62

Illustrated notes

Table legend:
 A = Kills in this place as a percentage of kills in the entire game.
 B = Kills by you in this place as a percentage of kills by you in the entire game.
 C = Kills by friends in this place as a percentage of kills by friends in the entire game.
 D = Other kills in this place as a percentage of other kills in the entire game.
 E = Experience gained in this place as a percentage of experience gained in the entire game.
 F = Experience gained in this place divided by the number of levels of this place that you have seen.
                   A       B       C       D       E      F
               +-------+-------+-------+-------+-------+----------------------
         Total | 100.0 | 100.0 |   N/A |   N/A | 100.0 |  40.8
       Dungeon | 100.0 | 100.0 |   N/A |   N/A | 100.0 |  40.8
               +-------+-------+-------+-------+-------+----------------------

Table legend: (Time is in decaauts)
 A = Elapsed time spent in this place.
 B = Non-inter-level travel time spent in this place.
 C = Inter-level travel time spent in this place.
 D = Time resting spent in this place.
 E = Time spent auto-exploring this place.
 F = Levels seen in this place.
 G = Mean time per level.
                   A        B        C        D        E       F      G
               +--------+--------+--------+--------+--------+-----+--------+
         Total |   2547 |   2500 |     47 |     32 |   2059 |   4 |  636.8 |
       Dungeon |   2547 |   2500 |     47 |     32 |   2059 |   4 |  636.8 |
               +--------+--------+--------+--------+--------+-----+--------+

Top non-repeatable levels by time:
     D:2: 1101 daAuts
     D:1: 721 daAuts
     D:3: 638 daAuts
     D:4: 85 daAuts
